 Dungeon Crawl Stone Soup version 0.21.1-1-g345015f (webtiles) character file.

297 Matador8 the Poker (level 6, -1/44 HPs)
             Began as a Merfolk Skald on Apr 17, 2018.
             Was a Follower of Nemelex Xobeh.
             Killed from afar by Blork the orc (3 damage)
             ... with a puff of flame
             ... on level 4 of the Dungeon.
             The game lasted 00:19:16 (3472 turns).

Matador8 the Poker (Merfolk Skald)                  Turns: 3472, Time: 00:19:17

Health: -1/44      AC:  3    Str: 11    XL:     6   Next: 35%
Magic:  9/9        EV: 12    Int: 14    God:    Nemelex Xobeh [*.....]
Gold:   112        SH:  0    Dex: 14    Spells: 3/9 levels left

rFire    . . .     SeeInvis .   a - +0 spear
rCold    . . .     Gourm    .   (no shield)
rNeg     . . .     Faith    .   b - +0 leather armour
rPois    .         Spirit   .   (no helmet)
rElec    .         Reflect  .   (no cloak)
rCorr    .         Harm     .   (no gloves)
MR       .....                  (no boots)
Stlth    +.........             (no amulet)
HPRegen  0.14/turn              (no ring)
MPRegen  0.11/turn              (no ring)

@: no status effects
A: change form in water, swift swim, stealthy swim
a: Renounce Religion


You were on level 4 of the Dungeon.
You worshipped Nemelex Xobeh.
Nemelex Xobeh was aware of your devotion.
You were not hungry.

You visited 1 branch of the dungeon, and saw 4 of its levels.

You collected 112 gold pieces.

Inventory:

Hand Weapons
 a - a +0 spear (weapon)
Armour
 b - a +0 leather armour (worn)
 p - a +0 scale mail
Jewellery
 i - a cursed -4 ring of strength {unknown}
 m - an uncursed ring of see invisible {unknown}
Scrolls
 e - 3 scrolls of teleportation {unknown}
 f - 3 scrolls of identify {unknown}
 g - 3 scrolls of remove curse {unknown}
 j - a scroll of magic mapping {unknown}
 k - a scroll of amnesia {unknown}
 q - 3 scrolls of enchant armour {unknown}
 r - a scroll of blinking {unknown}
 s - a scroll of random uselessness {unknown}
 u - a scroll of enchant weapon {unknown}
Potions
 h - a potion of might {unknown}
 l - a potion of agility {unknown}
 o - a potion of brilliance {unknown}
 t - 2 potions of magic {unknown}
Books
 c - a book of Battle

   Spells                             Type                      Level
   a - Infusion                       Charms                       1
   b - Shroud of Golubria             Charms/Translocation         2
   c - Song of Slaying                Charms                       2
   d - Spectral Weapon                Hexes/Charms                 3
   e - Regeneration                   Charms/Necromancy            3
Miscellaneous
 n - a plain deck of destruction {drawn: 1}
Comestibles
 d - 4 rations
 v - 6 chunks of flesh


   Skills:
 - Level 2.1 Fighting
 * Level 7.0 Polearms
 - Level 0.6 Armour
 - Level 2.6 Dodging
 - Level 2.0 Spellcasting
 - Level 2.0 Hexes
 - Level 4.3 Charms
 + Level 2.4 Invocations


You had 3 spell levels left.
You knew the following spells:

 Your Spells              Type           Power        Failure   Level  Hunger
a - Infusion              Chrm           ##..         5%          1    ##.....
b - Shroud of Golubria    Chrm/Tloc      #.........   19%         2    ###....
c - Spectral Weapon       Hex/Chrm       ##......     26%         3    ####...


Dungeon Overview and Level Annotations

Branches:
Dungeon (4/15)
 Temple: D:4-7

Altars:
Makhleb
Nemelex Xobeh
Ru
Trog

Annotations:
D:4 Blork the orc


Message History

Blork the orc closely misses you.
You feel sick.
Blork the orc looks satisfied for a moment.
You feel sick.
You feel sick.
Blork the orc points at you and mumbles some strange words.
The magic dart hits you!
* * * LOW HITPOINT WARNING * * *
You feel sick.
You are no longer poisoned.
Found a plate armour.
Blork the orc gestures at you while chanting.
The magic dart hits you!
* * * LOW HITPOINT WARNING * * *
A giant cockroach comes into view.
A centaur skeleton comes into view.
Blork the orc casts a spell at you. The puff of flame hits you!
You die...
Your body disappears without a glow.

#s .# #. #.# . #.# ####..####
.. ..### #.. .[...# $###...
#.# #....# .# .. .....# ###.#
#....#
.##.#######.#.####...###....#
..#.#..............oo.......#
........#.#.@##########....#
#### #.....#.......# #....#
...# ##........<.#.# #.[..#
...###.............## #o####
...##...............# #o#
...##.............#.# #.#
......#.........#...# #.#
#o..# ##.Z.#...###..## #.#
#.).# ######### #...# ##.##


You could see Blork the orc, an orc and a centaur skeleton.

Vanquished Creatures
  A hound (D:4)
  An iguana (D:3)
  An orc wizard (D:4)
  2 worker ants (D:4)
  3 adders
  3 worms (D:3)
  2 dart slugs
  2 leopard geckos (D:2)
  2 orcs
  7 ball pythons
  6 giant cockroaches
  10 goblins
  8 hobgoblins
  4 jackals (D:3)
  4 kobolds
  2 quokkas (D:3)
  5 bats
  4 frilled lizards
  10 rats
77 creatures vanquished.

Vanquished Creatures (collateral kills)
  A scorpion (D:4)
  An orc priest (D:4)
  5 orcs (D:4)
7 creatures vanquished.

Grand Total: 84 creatures vanquished

Notes
Turn   | Place    | Note
-------+----------+-------------------------------------------
     0 | D:1      | Matador8 the Merfolk Skald began the quest for the Orb.
     0 | D:1      | Reached XP level 1. HP: 16/16 MP: 3/3
   106 | D:1      | Reached XP level 2. HP: 22/22 MP: 5/5
   563 | D:1      | Reached skill level 4 in Polearms
   574 | D:1      | Learned a level 2 spell: Shroud of Golubria
   592 | D:1      | Reached XP level 3. HP: 25/27 MP: 3/6
  1073 | D:1      | Learned a level 3 spell: Spectral Weapon
  1246 | D:2      | Found a burning altar of Makhleb.
  1504 | D:2      | Found a sparkling altar of Nemelex Xobeh.
  1508 | D:2      | Became a worshipper of Nemelex Xobeh the Trickster
  1595 | D:2      | Reached XP level 4. HP: 33/33 MP: 7/7
  1695 | D:2      | Received a gift from Nemelex Xobeh
  1860 | D:3      | Reached skill level 5 in Polearms
  2224 | D:3      | Reached skill level 1 in Invocations
  2358 | D:3      | Reached skill level 1 in Hexes
  2442 | D:3      | Reached XP level 5. HP: 25/38 MP: 6/8
  2722 | D:3      | Received a gift from Nemelex Xobeh
  2749 | D:3      | Reached * piety under Nemelex Xobeh
  2899 | D:4      | Reached skill level 6 in Polearms
  2908 | D:4      | Noticed a phantom
  3336 | D:4      | Found a bloodstained altar of Trog.
  3350 | D:4      | Found a sacrificial altar of Ru.
  3362 | D:4      | Reached XP level 6. HP: 35/44 MP: 5/9
  3426 | D:4      | Reached skill level 7 in Polearms
  3444 | D:4      | Noticed Blork the orc
  3466 | D:4      | HP: 1/44 [Blork the orc/magic dart (7)]
  3472 | D:4      | Killed from afar by Blork the orc

Skill      XL: |  1  2  3  4  5  6 |
---------------+-------------------+-----
Polearms       | 4 5 6 7 |  7.0
Charms         | 4 |  4.3
Invocations    | 1 2 |  2.4
Hexes          | 1 2 |  2.0
Fighting       | |  2.1
Armour         | |  0.6
Dodging        | |  2.6
Spellcasting   | |  2.0

Action                   |  1- 3 |  4- 6 || total
-------------------------+-------+-------++-------
Melee: Spear             |   151 |   206 ||   357
 Cast: Infusion          |     6 |    11 ||    17
       Shroud of Golubri |       |     1 ||     1
Evoke: Deck              |       |     1 ||     1
 Stab: Sleeping          |     2 |       ||     2
  Eat: Chunk             |     2 |     7 ||     9
Armor: Leather armour    |    22 |    30 ||    52
Dodge: Dodged            |    70 |    81 ||   151
